 Dungeon Crawl Stone Soup version 0.21-a0-401-g0b6bec4 (webtiles) character file.

52 firefreeman the Poker (level 3, 0/31 HPs)
             Began as a Draconian Berserker on Oct 25, 2017.
             Was a Follower of Trog.
             Slain by a goblin
             ... wielding a +0 hand axe
             ... led by Robin
              (8 damage)
             ... on level 2 of the Dungeon.
             The game lasted 00:02:55 (1089 turns).

firefreeman the Poker (Draconian Berserker)         Turns: 1089, Time: 00:02:55

Health: 0/31       AC:  5    Str: 20    XL:     3   Next: 60%
Magic:  3/3        EV: 12    Int:  7    God:    Trog [*.....]
Gold:   39         SH:  0    Dex: 10    Spells: 2/2 levels left

rFire    . . .     SeeInvis .   a - +0 spear
rCold    . . .     Gourm    .   (no shield)
rNeg     . . .     Faith    .   (armour unavailable)
rPois    .         Spirit   .   (helmet restricted)
rElec    .         Reflect  .   (no cloak)
rCorr    .         Harm     .   (no gloves)
MR       .....                  (no boots)
Stlth    +.........             (no amulet)
HPRegen  0.10/turn              (no ring)
MPRegen  0.08/turn              (no ring)

@: no status effects
A: unfitting armour, cold-blooded, AC +5
a: Berserk, Burn Spellbooks, Renounce Religion


You were on level 2 of the Dungeon.
You worshipped Trog.
Trog was aware of your devotion.
You were hungry.

You visited 1 branch of the dungeon, and saw 2 of its levels.

You collected 39 gold pieces.

Inventory:

Hand Weapons
 a - a +0 spear (weapon)
Jewellery
 i - an uncursed ring of ice {unknown}
Scrolls
 d - a scroll of noise {unknown}
 e - a scroll of magic mapping {unknown}
Potions
 f - 2 potions of mutation {unknown}
 g - a potion of lignification {unknown}
 h - a potion of curing {unknown}
Comestibles
 b - a bread ration
 c - a fruit


   Skills:
 - Level 3.5 Fighting
 + Level 4.3 Polearms
 - Level 2.9 Dodging


You had 2 spell levels left.
You didn't know any spells.

Dungeon Overview and Level Annotations

Branches:
Dungeon (2/15)

Altars:

Annotations:
D:2 Robin


Innate Abilities, Weirdness & Mutations

Your plain brown scales are hard. (AC +5)
You cannot fit into any form of body armour.
You are cold-blooded and may be slowed by cold attacks.


Message History

The goblin is severely wounded.
The goblin completely misses you. The goblin hits you with a short sword.
The goblin hits you. Robin throws the goblin at you!
You hit the goblin but do no damage.
The goblin is severely wounded.
The goblin misses you. x3; The goblin barely misses you.
The goblin closely misses you.
Robin says, "My goblins will feast on your bones."
You closely miss the goblin. You tail-slap the goblin.
You kill the goblin!
Trog accepts your kill. The goblin hits you but does no damage.
The goblin closely misses you. The goblin hits you.
The goblin barely misses you. The goblin hits you.
The goblin closely misses you. Robin throws the goblin at you!
* * * LOW HITPOINT WARNING * * *
You see here a short sword.
The goblin closely misses you.
You barely miss the goblin. The goblin hits you with a hand axe!
You die...

.#.#.###..########
... #. #..........
#.###...######.
#...#.#.###
#...#.....# #
#...#.#.#.#
#.#.........##
##.#..##.#......
#...ggg@.......#
#..#gg####....##
#. #g.# ###.## #
#.†# .#


..ggg . #.##.... # ...... ##..).). ........ You could see a hobgoblin and 5
goblins.

Vanquished Creatures
  Terence (D:2)
  A worm (D:2)
  2 leopard geckos
  A giant cockroach (D:1)
  5 goblins
  5 hobgoblins
  2 bats
  3 kobolds
  3 rats
23 creatures vanquished.

Notes
Turn   | Place    | Note
-------+----------+-------------------------------------------
     0 | D:1      | firefreeman the Draconian Berserker began the quest for the Orb.
     0 | D:1      | Reached XP level 1. HP: 19/19 MP: 1/1
   260 | D:1      | Reached XP level 2. HP: 26/26 MP: 2/2
   569 | D:2      | Noticed Terence
   582 | D:2      | Killed Terence
   582 | D:2      | Reached skill level 4 in Polearms
   582 | D:2      | Reached XP level 3. HP: 15/31 MP: 3/3
  1078 | D:2      | Noticed Robin
  1089 | D:2      | Slain by a goblin

Vault maps used:
D:1:      dpeg_arrival_shrine
D:2:      marbit_many_paths, uniq_robin, uniq_terence

Skill      XL: |  1  2 |
---------------+-------+-----
Polearms       | 4 |  4.3
Fighting       | |  3.5
Dodging        | |  2.9

Action                   || total
-------------------------++-------
Melee: Spear             ||    67
       Tailslap          ||     7
Armor: Skin              ||    19
Dodge: Dodged            ||    42

Table legend:
 A = Spawn XP
 B = Non-spawn XP
 C = Spawn XP percentage of total XP
 D = Spawn monster count
 E = Non-spawn monster count
 F = Spawn count percentage of total count
 G = Total turns spent on level
                    A         B        C        D         E        F      G
               +---------+---------+-------+---------+---------+-------+---------
         Total |       0 |      75 |   0.0 |       0 |      23 |   0.0 |  1089
               +---------+---------+-------+---------+---------+-------+---------
           D:1 |       0 |      20 |   0.0 |       0 |      12 |   0.0 |   546
           D:2 |       0 |      55 |   0.0 |       0 |      11 |   0.0 |   543
               +---------+---------+-------+---------+---------+-------+---------
